[Event "Anderssen Festival 2019"]
[Site "Wroclaw"]
[Date "2019.08.08"]
[Round "6.3"]
[White "Dubinski, Mateusz"]
[Black "Chernyshov, Konstantin"]
[Result "1-0"]
[ECO "A45"]
[WhiteElo "2306"]
[BlackElo "2446"]
[Annotator "NA"]
[PlyCount "155"]
[EventDate "2019.08.05"]
[EventType "swiss"]
[EventCountry "POL"]
[SourceTitle "playchess.com"]
[Source "ChessBase"]
[SourceQuality "1"]
[TimeControl "40/5400+30:900+30"]

1. d4 Nf6 2. g3 c5 3. c3 e6 4. Bg2 d5 5. Nf3 Nc6 6. O-O Be7 7. dxc5 Bxc5 8. c4 dxc4 9. Qa4 O-O 10. Qxc4 Qd5 11. Qxd5 Nxd5 12. a3 a5 13. e4 Nc7 14. Nc3 e5 15. Be3 Bxe3 16. fxe3 Be6 17. Ng5 Bc4 18. Rfc1 h6 19. Nd5 Nxd5 20. exd5 Bxd5 21. Bxd5 hxg5 22. Rc5 a4 23. Rf1 g4 24. Bxc6 bxc6 25. Rxe5 Rfe8 26. Ref5 Ra7 27. R5f4 Rxe3 28. Rxg4 c5 29. Rc4 Ra5 30. Rf5 Re1+ 31. Rf1 Re5 32. Rff4 Re1+ 33. Kf2 Rb1 34. Rc2 Kf8 35. Ke3 Rb5 36. Rff2 Rd1 37. Rfd2 Rxd2 38. Kxd2 Ke7 39. Kc1 Kd6 40. Rc4 Ra5 41. Kc2 Ra7 42. Kc3 f5 43. Rh4 Kd5 44. Rh8 g5 45. Rg8 g4 46. Rd8+ Ke4 47. Rd2 Ke3 48. Rd5 Ke4 49. Kc4 Rb7 50. Rd2 Ke3 51. Rc2 Ke4 52. Rf2 Ke3 53. Rc2 Ke4 54. Rf2 Ke3 55. Rxf5 Rxb2 56. Kxc5 Rxh2 57. Rf4 Rg2 58. Rxg4 Kf3 59. Rxa4 Rxg3 60. Rc4 Rg5+ 61. Kb6 Rg6+ 62. Kb5 Rg5+ 63. Rc5 Rg8 64. a4 Ke4 65. a5 Kd4 66. Rh5 Rb8+ 67. Kc6 Rb1 68. a6 Rc1+ 69. Kb6 Rg1 70. Rh6 Rb1+ 71. Kc6 Ra1 72. Kb7 Kc5 73. a7 Rb1+ 74. Kc7 Ra1 75. Rh5+ Kc4 76. Kb7 Rb1+ 77. Kc8 Ra1 78. Rh7 1-0

[Event "Anderssen Festival 2019"]
[Site "Wroclaw"]
[Date "2019.08.08"]
[Round "6.4"]
[White "Butkiewicz, Lukasz"]
[Black "Snihur, Piotr"]
[Result "1-0"]
[ECO "B12"]
[WhiteElo "2425"]
[BlackElo "2256"]
[Annotator "NA"]
[PlyCount "57"]
[EventDate "2019.08.05"]
[EventType "swiss"]
[EventCountry "POL"]
[SourceTitle "playchess.com"]
[Source "ChessBase"]
[SourceQuality "1"]
[TimeControl "40/5400+30:900+30"]

1. e4 c6 2. d4 d5 3. e5 Bf5 4. Nf3 e6 5. Be2 h6 6. O-O g5 7. a4 Ne7 8. c4 Bg7 9. Nc3 O-O 10. h4 g4 11. Ne1 h5 12. Bg5 Nd7 13. cxd5 exd5 14. g3 f6 15. exf6 Nxf6 16. Ng2 Qb6 17. Qd2 Kh7 18. Nf4 Rae8 19. a5 Qb4 20. Ra4 Qd6 21. Bd3 Bxd3 22. Qxd3+ Ne4 23. Nxh5 Rf3 24. Nxe4 Qg6 25. Nef6+ Bxf6 26. Qxg6+ Kxg6 27. Nxf6 Rxf6 28. Bxf6 Kxf6 29. Rb4 1-0

[Event "Anderssen Festival 2019"]
[Site "Wroclaw"]
[Date "2019.08.08"]
[Round "6.5"]
[White "Nowak, Mikolaj"]
[Black "Lalic, Bogdan"]
[Result "1/2-1/2"]
[ECO "E20"]
[WhiteElo "2230"]
[BlackElo "2411"]
[Annotator "NA"]
[PlyCount "59"]
[EventDate "2019.08.05"]
[EventType "swiss"]
[EventCountry "POL"]
[SourceTitle "playchess.com"]
[Source "ChessBase"]
[SourceQuality "1"]
[TimeControl "40/5400+30:900+30"]

1. d4 Nf6 2. c4 e6 3. Nc3 Bb4 4. Bf4 c5 5. e3 cxd4 6. exd4 O-O 7. Bd3 d5 8. c5 b6 9. Bd6 Re8 10. Nge2 bxc5 11. dxc5 Nfd7 12. Bb5 Ba6 13. Qa4 Bxb5 14. Qxb5 Bxc3+ 15. Nxc3 Qc8 16. O-O Nc6 17. Rad1 a6 18. Qa4 Qb7 19. b4 Rec8 20. a3 Nde5 21. Bxe5 Nxe5 22. Rd4 Nc4 23. Ne4 Qb5 24. Qb3 a5 25. Nc3 Qc6 26. Rfd1 axb4 27. axb4 Ra3 28. Qc2 Raa8 29. Qb3 Ra3 30. Qc2 1/2-1/2

[Event "Anderssen Festival 2019"]
[Site "Wroclaw"]
[Date "2019.08.08"]
[Round "6.6"]
[White "Zgadzaj, Rafal"]
[Black "Skliarov, Viktor"]
[Result "0-1"]
[ECO "A45"]
[WhiteElo "2133"]
[BlackElo "2360"]
[Annotator "NA"]
[PlyCount "118"]
[EventDate "2019.08.05"]
[EventType "swiss"]
[EventCountry "POL"]
[SourceTitle "playchess.com"]
[Source "ChessBase"]
[SourceQuality "1"]
[TimeControl "40/5400+30:900+30"]

1. d4 Nf6 2. Bg5 Ne4 3. Bf4 c5 4. f3 Qa5+ 5. c3 Nf6 6. Nd2 cxd4 7. Nb3 Qb6 8. Qxd4 Nc6 9. Qxb6 axb6 10. Be3 b5 11. a3 d6 12. O-O-O Bd7 13. Bf2 g6 14. e4 Bh6+ 15. Kb1 Ne5 16. Ne2 O-O 17. Ned4 Nc4 18. Bh4 Kg7 19. Bd3 e5 20. Nc2 Be6 21. Bxc4 bxc4 22. Nc1 Rfd8 23. Nb4 Be3 24. Rhf1 g5 25. Bf2 Bxf2 26. Rxf2 Kf8 27. Rfd2 Ke7 28. Ne2 Rd7 29. Ng3 Ra5 30. Nd5+ Bxd5 31. Nf5+ Kd8 32. exd5 Kc7 33. h4 gxh4 34. Ne3 b5 35. Rh1 e4 36. f4 Ra8 37. Rxh4 h5 38. Kc2 Kb6 39. Kd1 Kc5 40. Ke2 Rg8 41. Rd4 Re7 42. a4 Ng4 43. Nxg4 Rxg4 44. Rxg4 hxg4 45. axb5 f5 46. Ke3 Kxb5 47. g3 Rh7 48. Rd2 Rh3 49. Rg2 Kc5 50. Rg1 Rh2 51. Ra1 Rxb2 52. Ra8 Rg2 53. Ra5+ Kb6 54. Ra8 Kb5 55. Rf8 Rxg3+ 56. Ke2 Rxc3 57. Rxf5 Kc5 58. Rg5 g3 59. Ke1 Rf3 0-1

[Event "Anderssen Festival 2019"]
[Site "Wroclaw"]
[Date "2019.08.08"]
[Round "6.7"]
[White "Mitchell, Martin"]
[Black "Kareva, Natalia"]
[Result "1-0"]
[ECO "A40"]
[WhiteElo "2218"]
[BlackElo "2135"]
[Annotator "NA"]
[PlyCount "79"]
[EventDate "2019.08.05"]
[EventType "swiss"]
[EventCountry "POL"]
[SourceTitle "playchess.com"]
[Source "ChessBase"]
[SourceQuality "1"]
[TimeControl "40/5400+30:900+30"]

1. d4 e6 2. c4 b6 3. Nc3 Bb7 4. a3 f5 5. d5 Nf6 6. g3 a5 7. Bg2 Na6 8. Nh3 Be7 9. O-O Qc8 10. e4 fxe4 11. Ng5 Nc5 12. Be3 exd5 13. cxd5 O-O 14. Bxc5 Bxc5 15. Ncxe4 Qe8 16. Rc1 Qg6 17. Nxc5 bxc5 18. Nh3 d6 19. b4 axb4 20. axb4 Qf5 21. Nf4 g5 22. Bh3 g4 23. Bg2 Ba6 24. Re1 c4 25. Qd4 Rab8 26. Qa7 Qc8 27. Re7 Rf7 28. Rxf7 Kxf7 29. Qd4 Rxb4 30. Re1 Qf5 31. Qa7 Bb7 32. Qa5 Rb6 33. Rc1 Ba6 34. Ne6 Ne4 35. Bxe4 Qe5 36. Nxc7 Qd4 37. Nxa6 Rb2 38. Qc7+ Ke8 39. Qc8+ Kf7 40. Qe6+ 1-0

[Event "Anderssen Festival 2019"]
[Site "Wroclaw"]
[Date "2019.08.08"]
[Round "6.8"]
[White "Lugovskoy, Maxim"]
[Black "Piekielny, Pawel"]
[Result "0-1"]
[ECO "C11"]
[WhiteElo "2425"]
[BlackElo "1985"]
[Annotator "NA"]
[PlyCount "90"]
[EventDate "2019.08.05"]
[EventType "swiss"]
[EventCountry "POL"]
[SourceTitle "playchess.com"]
[Source "ChessBase"]
[SourceQuality "1"]
[TimeControl "40/5400+30:900+30"]

1. d4 Nf6 2. Nc3 e6 3. e4 d5 4. e5 Nfd7 5. f4 c5 6. Nf3 Qb6 7. a3 Nc6 8. Be3 a6 9. Kf2 Qa7 10. g3 cxd4 11. Nxd4 Bc5 12. Nce2 f6 13. b4 Bb6 14. exf6 Nxf6 15. Kg2 Ne7 16. h3 O-O 17. Kh2 Bd7 18. Bg2 Rac8 19. Re1 Rc4 20. c3 Rfc8 21. a4 a5 22. Nb5 Bxb5 23. Bxb6 Qxb6 24. bxa5 Qxa5 25. axb5 Qxb5 26. Nd4 Qd7 27. Nxe6 Rxc3 28. g4 Rc2 29. g5 Ne8 30. Nd4 Rf2 31. Rc1 Ng6 32. Rxc8 Qxc8 33. Kg1 Rxf4 34. Ne6 Rf5 35. Qd4 Qd7 36. h4 Nc7 37. Nxc7 Qxc7 38. h5 Nf4 39. g6 hxg6 40. hxg6 Qc6 41. Qf2 Qxg6 42. Re3 Nxg2 43. Rg3 Rxf2 44. Rxg6 Rb2 45. Rb6 Rxb6 0-1

[Event "Anderssen Festival 2019"]
[Site "Wroclaw"]
[Date "2019.08.08"]
[Round "6.9"]
[White "Nowak, Filip"]
[Black "Czyz, Andrzej"]
[Result "0-1"]
[ECO "B01"]
[WhiteElo "1589"]
[BlackElo "2000"]
[Annotator "NA"]
[PlyCount "92"]
[EventDate "2019.08.05"]
[EventType "swiss"]
[EventCountry "POL"]
[SourceTitle "playchess.com"]
[Source "ChessBase"]
[SourceQuality "1"]
[TimeControl "40/5400+30:900+30"]

1. e4 d5 2. exd5 Nf6 3. d4 Nxd5 4. c4 Nf6 5. Nc3 Bf5 6. Nf3 e6 7. Bd3 Bg4 8. Be2 Be7 9. O-O O-O 10. h3 Bh5 11. Be3 c6 12. Ne5 Bxe2 13. Qxe2 Nbd7 14. Rfd1 Qa5 15. Nxd7 Nxd7 16. Qc2 Nf6 17. b3 Rfd8 18. Ne4 Nxe4 19. Qxe4 Rd7 20. Qc2 Rad8 21. Rd3 Qf5 22. Rad1 h6 23. R3d2 Qxc2 24. Rxc2 e5 25. d5 b6 26. Rcd2 cxd5 27. Rxd5 Rxd5 28. Rxd5 Rxd5 29. cxd5 f5 30. f3 Kf7 31. Kf2 Bb4 32. Ke2 Ke7 33. Kd3 Kd6 34. Kc4 Be1 35. g4 f4 36. Bc1 b5+ 37. Kd3 Kxd5 38. Ba3 b4 39. Bb2 a5 40. a4 g6 41. Ba1 Bc3 42. Bxc3 bxc3 43. h4 e4+ 44. fxe4+ Ke5 45. b4 f3 46. b5 f2 0-1

[Event "Anderssen Festival 2019"]
[Site "Wroclaw"]
[Date "2019.08.08"]
[Round "6.10"]
[White "Luberanski, Jakub"]
[Black "Rog, Mateusz"]
[Result "1-0"]
[ECO "A45"]
[WhiteElo "2010"]
[BlackElo "1473"]
[Annotator "NA"]
[PlyCount "147"]
[EventDate "2019.08.05"]
[EventType "swiss"]
[EventCountry "POL"]
[SourceTitle "playchess.com"]
[Source "ChessBase"]
[SourceQuality "1"]
[TimeControl "40/5400+30:900+30"]

1. d4 Nf6 2. Bf4 g6 3. e3 Bg7 4. h3 d6 5. Nf3 Nbd7 6. Be2 b6 7. O-O Bb7 8. c4 Ne4 9. Bh2 c5 10. Nbd2 O-O 11. d5 Ndf6 12. Nxe4 Nxe4 13. Qc2 Nf6 14. e4 e6 15. dxe6 Nxe4 16. exf7+ Rxf7 17. Bd3 Ng5 18. Nxg5 Qxg5 19. Be4 Bxe4 20. Qxe4 Rd8 21. Rad1 Bd4 22. Rxd4 cxd4 23. Qxd4 Qc5 24. Qh4 Rc8 25. b3 Qa3 26. Qg4 Rcf8 27. Qe6 Rd8 28. Qe2 d5 29. cxd5 Rxd5 30. Qe8+ Qf8 31. Qe6 Rdd7 32. Rc1 Rde7 33. Qc4 Qe8 34. Bg3 Re1+ 35. Rxe1 Qxe1+ 36. Kh2 Kg7 37. Qd4+ Kf8 38. Qh8+ Ke7 39. Bh4+ Kd6 40. Qb8+ Kc5 41. Qc8+ Kd6 42. Qb8+ Kc6 43. Qa8+ Rb7 44. Bg3 Qe6 45. Qd8 Rd7 46. Qc8+ Kb5 47. f3 Re7 48. Qb8 Qc6 49. Qf4 Ka6 50. a4 Re2 51. Qb4 Kb7 52. Qd4 g5 53. Qg7+ Ka6 54. Qxg5 Qc5 55. Qg4 Qc2 56. Bb8 Kb7 57. Bf4 Qxb3 58. Qd7+ Ka6 59. Bb8 Ka5 60. Qxa7+ Kb4 61. Qxb6+ Ka3 62. Qxb3+ Kxb3 63. a5 Ra2 64. Bc7 Kc3 65. Bb6 Kd3 66. Kg3 Ke2 67. f4 Kf1 68. f5 Rxg2+ 69. Kf4 Rg8 70. f6 Kg2 71. Kf5 h5 72. f7 Rf8 73. Kf6 h4 74. Kg7 1-0

[Event "Anderssen Festival 2019"]
[Site "Wroclaw"]
[Date "2019.08.08"]
[Round "6.11"]
[White "Plichta, Krzysztof"]
[Black "Gorny, Michael"]
[Result "1/2-1/2"]
[ECO "B23"]
[WhiteElo "1582"]
[BlackElo "2067"]
[Annotator "NA"]
[PlyCount "102"]
[EventDate "2019.08.05"]
[EventType "swiss"]
[EventCountry "POL"]
[SourceTitle "playchess.com"]
[Source "ChessBase"]
[SourceQuality "1"]
[TimeControl "40/5400+30:900+30"]

1. e4 c5 2. Nc3 d6 3. f4 g6 4. Nf3 Bg7 5. Bb5+ Bd7 6. Bxd7+ Qxd7 7. d3 Nc6 8. O-O e6 9. Qe1 Nd4 10. Nxd4 cxd4 11. Ne2 Ne7 12. Qf2 Nc6 13. b3 f6 14. Nxd4 Nxd4 15. Qxd4 f5 16. e5 dxe5 17. Qxd7+ Kxd7 18. Bb2 Rhg8 19. Bxe5 Bxe5 20. fxe5 Rac8 21. c4 Rgd8 22. Rad1 Ke7 23. Kf2 Rd4 24. Ke3 Rcd8 25. Rf4 R4d7 26. d4 b5 27. cxb5 Rd5 28. a4 Rxe5+ 29. dxe5 Rxd1 30. Rc4 g5 31. Rc7+ Rd7 32. Rxd7+ Kxd7 33. a5 Kc7 34. h3 Kb7 35. Kd4 a6 36. bxa6+ Kxa6 37. Kc5 h5 38. Kd6 f4 39. Kxe6 g4 40. hxg4 hxg4 41. Kd6 f3 42. gxf3 gxf3 43. e6 f2 44. e7 f1=Q 45. e8=Q Qd3+ 46. Kc7 Qg3+ 47. Kd7 Qd3+ 48. Kc7 Qg3+ 49. Kc8 Qc3+ 50. Kd7 Qd3+ 51. Kc7 Qg3+ 1/2-1/2

[Event "Anderssen Festival 2019"]
[Site "Wroclaw"]
[Date "2019.08.08"]
[Round "6.12"]
[White "Wieczorek, Zbigniew"]
[Black "Willnecker, Olaf"]
[Result "1/2-1/2"]
[ECO "A05"]
[WhiteElo "2235"]
[BlackElo "1884"]
[Annotator "NA"]
[PlyCount "51"]
[EventDate "2019.08.05"]
[EventType "swiss"]
[EventCountry "POL"]
[SourceTitle "playchess.com"]
[Source "ChessBase"]
[SourceQuality "1"]
[TimeControl "40/5400+30:900+30"]

1. Nf3 Nf6 2. g3 d5 3. Bg2 c6 4. d3 Bg4 5. O-O Nbd7 6. Qe1 e5 7. e4 dxe4 8. dxe4 Bc5 9. Nbd2 O-O 10. h3 Bxf3 11. Nxf3 Qc7 12. Qe2 Rfe8 13. Nh4 Nf8 14. Nf5 Ne6 15. c3 Rad8 16. Qf3 Nd7 17. Re1 Bf8 18. Bf1 a5 19. Be3 Bc5 20. Rad1 Bxe3 21. Qxe3 Ndf8 22. h4 Rxd1 23. Rxd1 Rd8 24. Rxd8 Qxd8 25. Qd3 Qxd3 26. Bxd3 1/2-1/2

[Event "Anderssen Festival 2019"]
[Site "Wroclaw"]
[Date "2019.08.08"]
[Round "6.13"]
[White "Nguyen, Alex Dac-Vuong"]
[Black "Zerebiec, Maurycy"]
[Result "1-0"]
[ECO "C10"]
[WhiteElo "2267"]
[BlackElo "1708"]
[Annotator "NA"]
[PlyCount "71"]
[EventDate "2019.08.05"]
[EventType "swiss"]
[EventCountry "POL"]
[SourceTitle "playchess.com"]
[Source "ChessBase"]
[SourceQuality "1"]
[TimeControl "40/5400+30:900+30"]

1. e4 e6 2. d4 d5 3. Nd2 dxe4 4. Nxe4 Nd7 5. Nf3 Ngf6 6. Bd3 Be7 7. Qe2 O-O 8. O-O b6 9. Bg5 Bb7 10. Nxf6+ Bxf6 11. Bxf6 Nxf6 12. Rad1 Qd5 13. c4 Qh5 14. Ne5 Qxe2 15. Bxe2 Rfd8 16. f4 g6 17. g4 Nd7 18. Kf2 c5 19. Nxd7 Rxd7 20. dxc5 Rxd1 21. Rxd1 bxc5 22. Rd7 Rb8 23. b3 a5 24. Rc7 Be4 25. Rxc5 a4 26. Rb5 Rxb5 27. cxb5 axb3 28. axb3 Kf8 29. Bf3 Bxf3 30. Kxf3 Ke7 31. Ke4 Kd6 32. g5 e5 33. b4 exf4 34. Kxf4 Kd5 35. b6 Kc6 36. Ke5 1-0

[Event "Anderssen Festival 2019"]
[Site "Wroclaw"]
[Date "2019.08.08"]
[Round "6.14"]
[White "Malecki, Rafal"]
[Black "Dytman, Radoslaw"]
[Result "1/2-1/2"]
[ECO "A05"]
[WhiteElo "2063"]
[BlackElo "1745"]
[Annotator "NA"]
[PlyCount "73"]
[EventDate "2019.08.05"]
[EventType "swiss"]
[EventCountry "POL"]
[SourceTitle "playchess.com"]
[Source "ChessBase"]
[SourceQuality "1"]
[TimeControl "40/5400+30:900+30"]

1. Nf3 Nf6 2. g3 g6 3. Bg2 Bg7 4. O-O O-O 5. d3 d6 6. e4 Nbd7 7. Nbd2 e5 8. a4 h6 9. Nh4 Kh7 10. Nc4 Ng8 11. a5 a6 12. Ne3 Bf6 13. Nf3 Ne7 14. d4 Nc6 15. d5 Ne7 16. h4 Bg7 17. h5 Nf6 18. hxg6+ fxg6 19. Nd2 h5 20. b4 Bd7 21. c4 Bh6 22. Ra3 Rf7 23. c5 Bb5 24. Re1 Qd7 25. Ndc4 Raf8 26. cxd6 cxd6 27. Nb6 Qd8 28. f3 Nd7 29. Nec4 Nxb6 30. Nxb6 Nc8 31. Bxh6 Kxh6 32. Nxc8 Qxc8 33. Qd2+ g5 34. Rc1 Qd7 35. Rac3 Kg6 36. Re3 g4 37. Rcc3 1/2-1/2

[Event "Anderssen Festival 2019"]
[Site "Wroclaw"]
[Date "2019.08.08"]
[Round "6.15"]
[White "Socha, Kamil"]
[Black "Verwoert, Jef"]
[Result "1-0"]
[ECO "B27"]
[WhiteElo "1741"]
[BlackElo "2034"]
[Annotator "NA"]
[PlyCount "73"]
[EventDate "2019.08.05"]
[EventType "swiss"]
[EventCountry "POL"]
[SourceTitle "playchess.com"]
[Source "ChessBase"]
[SourceQuality "1"]
[TimeControl "40/5400+30:900+30"]

1. Nf3 c5 2. e4 g6 3. c3 d5 4. e5 Bg7 5. d4 Nc6 6. Be2 cxd4 7. cxd4 Nh6 8. h3 O-O 9. Nc3 e6 10. O-O f6 11. exf6 Qxf6 12. Bg5 Qf7 13. g4 Qd7 14. Qd2 Nf7 15. Bf4 e5 16. Nxe5 Nfxe5 17. dxe5 Qf7 18. Bg3 d4 19. Nb5 Nxe5 20. Nxd4 Rd8 21. Qa5 Rd5 22. Nb5 a6 23. Rad1 Bd7 24. Rxd5 Qxd5 25. Rd1 Qc6 26. Nc7 Rc8 27. Bxe5 Bxe5 28. Qxe5 Rxc7 29. b3 b5 30. a4 Rc8 31. axb5 axb5 32. Bf1 Re8 33. Qd5+ Qxd5 34. Rxd5 Bc6 35. Rc5 Bf3 36. Bxb5 Bd1 37. Bxe8 1-0

[Event "Anderssen Festival 2019"]
[Site "Wroclaw"]
[Date "2019.08.08"]
[Round "6.16"]
[White "Jablonska, Sabina"]
[Black "Seredyn, Dominik"]
[Result "1-0"]
[ECO "D00"]
[WhiteElo "1963"]
[BlackElo "1737"]
[Annotator "NA"]
[PlyCount "67"]
[EventDate "2019.08.05"]
[EventType "swiss"]
[EventCountry "POL"]
[SourceTitle "playchess.com"]
[Source "ChessBase"]
[SourceQuality "1"]
[TimeControl "40/5400+30:900+30"]

1. d4 d5 2. Bf4 Nf6 3. e3 c5 4. c3 Nc6 5. Nd2 Bf5 6. Qb3 Qd7 7. Ngf3 c4 8. Qd1 e6 9. Ne5 Nxe5 10. dxe5 Ne4 11. Nxe4 Bxe4 12. f3 Bg6 13. a4 a6 14. b3 cxb3 15. Qxb3 Be7 16. h4 h6 17. c4 dxc4 18. Bxc4 O-O 19. h5 Bh7 20. O-O Rfd8 21. Rfd1 Qc7 22. e4 Bc5+ 23. Kh1 Rac8 24. Rxd8+ Rxd8 25. Rd1 Kh8 26. g4 Rxd1+ 27. Qxd1 Qe7 28. Bg3 g6 29. hxg6 Bxg6 30. Kg2 Kg7 31. Bf4 Qh4 32. Qd2 h5 33. Bg5 Bb4 34. Bf6+ 1-0

[Event "Anderssen Festival 2019"]
[Site "Wroclaw"]
[Date "2019.08.08"]
[Round "6.17"]
[White "Szajda, Marcin"]
[Black "Pokusinski, Antoni"]
[Result "1/2-1/2"]
[ECO "B17"]
[WhiteElo "1955"]
[BlackElo "1671"]
[Annotator "NA"]
[PlyCount "80"]
[EventDate "2019.08.05"]
[EventType "swiss"]
[EventCountry "POL"]
[SourceTitle "playchess.com"]
[Source "ChessBase"]
[SourceQuality "1"]
[TimeControl "40/5400+30:900+30"]

1. e4 c6 2. d4 d5 3. Nc3 dxe4 4. Nxe4 Nd7 5. Ng5 Ngf6 6. Bd3 e6 7. N1f3 Bd6 8. Qe2 Qe7 9. Bd2 h6 10. Ne4 Nxe4 11. Qxe4 Nf6 12. Qe2 b6 13. O-O-O Bb7 14. Kb1 O-O-O 15. Ne5 Bxe5 16. dxe5 Nd5 17. Ba6 Bxa6 18. Qxa6+ Qb7 19. Qxb7+ Kxb7 20. c4 Ne7 21. Bc3 Kc7 22. Kc2 c5 23. Rxd8 Rxd8 24. Rd1 Rxd1 25. Kxd1 Kc6 26. Ke2 b5 27. b3 bxc4 28. bxc4 Nc8 29. Kd3 Ne7 30. f4 h5 31. g3 Nf5 32. Be1 g6 33. h3 a6 34. g4 hxg4 35. hxg4 Nh6 36. g5 Nf5 37. Bf2 Kb6 38. Be1 Nd4 39. Bc3 Nc6 40. Kc2 Ne7 1/2-1/2

[Event "Anderssen Festival 2019"]
[Site "Wroclaw"]
[Date "2019.08.08"]
[Round "6.18"]
[White "Krawiec, Grzegorz"]
[Black "Korpalski, Maciej"]
[Result "0-1"]
[ECO "B91"]
[WhiteElo "1816"]
[BlackElo "1954"]
[Annotator "NA"]
[PlyCount "42"]
[EventDate "2019.08.05"]
[EventType "swiss"]
[EventCountry "POL"]
[SourceTitle "playchess.com"]
[Source "ChessBase"]
[SourceQuality "1"]
[TimeControl "40/5400+30:900+30"]

1. e4 c5 2. Nf3 d6 3. d4 cxd4 4. Nxd4 Nf6 5. Nc3 a6 6. g3 e6 7. Bg2 Be7 8. O-O O-O 9. Be3 Qc7 10. Rc1 Nc6 11. Qe2 Rd8 12. Rfd1 Na5 13. Bd2 Nc4 14. b3 Nxd2 15. Qxd2 d5 16. exd5 exd5 17. Nce2 Bg4 18. c4 Qb6 19. h3 Bh5 20. Qg5 h6 21. Qh4 g5 0-1

[Event "Anderssen Festival 2019"]
[Site "Wroclaw"]
[Date "2019.08.08"]
[Round "6.19"]
[White "Pawicka, Magdalena"]
[Black "Barbier, Astrid"]
[Result "0-1"]
[ECO "B35"]
[WhiteElo "1700"]
[BlackElo "1941"]
[Annotator "NA"]
[PlyCount "51"]
[EventDate "2019.08.05"]
[EventType "swiss"]
[EventCountry "POL"]
[SourceTitle "playchess.com"]
[Source "ChessBase"]
[SourceQuality "1"]
[TimeControl "40/5400+30:900+30"]

1. e4 c5 2. Nf3 g6 3. d4 cxd4 4. Nxd4 Nc6 5. Nc3 Bg7 6. Be3 Nf6 7. Bc4 O-O 8. Bb3 a5 9. O-O a4 10. Nxa4 Nxe4 11. Nb5 Ra6 12. Re1 d6 13. Nd4 Nf6 14. Nxc6 bxc6 15. Nc3 h6 16. h3 Kh7 17. Qf3 d5 18. Bd4 Nd7 19. Bxg7 Kxg7 20. Qg3 e5 21. f4 e4 22. f5 g5 23. Rf1 f6 24. Ne2 Ne5 25. Rad1 Qb6+ 26. Kh1 0-1

[Event "Anderssen Festival 2019"]
[Site "Wroclaw"]
[Date "2019.08.08"]
[Round "6.20"]
[White "Slusarczyk, Anna"]
[Black "Krawiecki, Stanislaw"]
[Result "0-1"]
[ECO "D96"]
[WhiteElo "1328"]
[BlackElo "1923"]
[Annotator "NA"]
[PlyCount "82"]
[EventDate "2019.08.05"]
[EventType "swiss"]
[EventCountry "POL"]
[SourceTitle "playchess.com"]
[Source "ChessBase"]
[SourceQuality "1"]
[TimeControl "40/5400+30:900+30"]

1. d4 Nf6 2. c4 g6 3. Nc3 d5 4. Nf3 Bg7 5. Qb3 dxc4 6. Qxc4 O-O 7. Bf4 Na6 8. e4 c5 9. Rd1 Qa5 10. Bd2 cxd4 11. Nxd4 Qc5 12. Nb3 Qxc4 13. Bxc4 Nc7 14. O-O Be6 15. Bxe6 Nxe6 16. e5 Nd7 17. f4 Nb6 18. Be1 Rfd8 19. Bh4 Rxd1 20. Rxd1 Nxf4 21. g3 Nh3+ 22. Kg2 g5 23. Kxh3 gxh4 24. gxh4 Bxe5 25. Nc5 Bxc3 26. bxc3 Rc8 27. Rg1+ Kf8 28. Rg5 e6 29. Ne4 Ke7 30. Rg7 Rc4 31. Ng5 Rxc3+ 32. Kg4 h6 33. h5 Rc4+ 34. Kg3 hxg5 35. h6 Rh4 36. Rg8 Nd7 37. Ra8 Rxh6 38. Rxa7 b6 39. h3 Rh4 40. Ra3 f5 41. Kg2 g4 0-1

[Event "Anderssen Festival 2019"]
[Site "Wroclaw"]
[Date "2019.08.09"]
[Round "7.1"]
[White "Eggink, Ryszard"]
[Black "Gutenev, Alexander"]
[Result "1/2-1/2"]
[ECO "D81"]
[WhiteElo "2377"]
[BlackElo "2470"]
[Annotator "ChessBase"]
[PlyCount "69"]
[EventDate "2019.08.05"]
[EventType "swiss"]
[EventCountry "POL"]
[SourceTitle "playchess.com"]
[Source "ChessBase"]
[SourceQuality "1"]
[TimeControl "40/5400+30:900+30"]

1. d4 Nf6 2. c4 g6 3. Nc3 d5 4. Qb3 dxc4 5. Qxc4 Bg7 6. e4 O-O 7. Bf4 Na6 8. Be2 c5 9. d5 e6 10. Rd1 exd5 11. exd5 Bd7 12. Nf3 Re8 13. a4 Qb6 14. O-O Nh5 15. Be3 Qxb2 16. Nb5 Bf8 17. g4 Ng7 18. Rb1 Qf6 19. Nc3 Nb4 20. Ne4 Rxe4 21. Qxe4 Bxa4 22. Bxc5 Bxc5 23. Rxb4 Bxb4 24. Qxb4 Re8 25. Qxa4 Rxe2 26. Kg2 h5 27. h3 a6 28. Qc4 Re7 29. Qc8+ Ne8 30. Re1 Kh7 31. Rxe7 Qxe7 32. gxh5 Nd6 33. hxg6+ fxg6 34. Qg4 Ne4 35. h4 1/2-1/2

[Event "Anderssen Festival 2019"]
[Site "Wroclaw"]
[Date "2019.08.09"]
[Round "7.2"]
[White "Skliarov, Viktor"]
[Black "Butkiewicz, Lukasz"]
[Result "1/2-1/2"]
[ECO "B47"]
[WhiteElo "2360"]
[BlackElo "2425"]
[Annotator "NA"]
[PlyCount "32"]
[EventDate "2019.08.05"]
[EventType "swiss"]
[EventCountry "POL"]
[SourceTitle "playchess.com"]
[Source "ChessBase"]
[SourceQuality "1"]
[TimeControl "40/5400+30:900+30"]

1. e4 c5 2. Nf3 e6 3. d4 cxd4 4. Nxd4 Nc6 5. Nc3 Qc7 6. Be2 a6 7. O-O Nf6 8. Be3 Be7 9. f4 d6 10. Kh1 O-O 11. Qe1 Nxd4 12. Bxd4 b5 13. a3 Bb7 14. Qg3 Rad8 15. Rad1 Rd7 16. Bd3 Rfd8 1/2-1/2

[Event "Anderssen Festival 2019"]
[Site "Wroclaw"]
[Date "2019.08.09"]
[Round "7.4"]
[White "Lalic, Bogdan"]
[Black "Luberanski, Jakub"]
[Result "1-0"]
[ECO "E15"]
[WhiteElo "2411"]
[BlackElo "2010"]
[Annotator "NA"]
[PlyCount "75"]
[EventDate "2019.08.05"]
[EventType "swiss"]
[EventCountry "POL"]
[SourceTitle "playchess.com"]
[Source "ChessBase"]
[SourceQuality "1"]
[TimeControl "40/5400+30:900+30"]

1. d4 Nf6 2. c4 e6 3. Nf3 b6 4. g3 Ba6 5. Nbd2 c6 6. Bg2 d5 7. Qc2 Be7 8. O-O Nbd7 9. b3 Rc8 10. e4 dxe4 11. Nxe4 Nxe4 12. Qxe4 Nf6 13. Qc2 O-O 14. Rd1 Bb7 15. Bf4 Qe8 16. Ne5 Nd7 17. c5 Nxe5 18. Bxe5 Qd7 19. h4 Qd8 20. b4 Bf6 21. Rac1 Re8 22. Qa4 Qe7 23. cxb6 axb6 24. Bxc6 Bxc6 25. Rxc6 Rxc6 26. Qxc6 Rd8 27. Bxf6 Qxf6 28. Qxb6 h6 29. a4 Rc8 30. Qb7 Rc3 31. a5 Qf5 32. a6 Qc2 33. Rf1 Ra3 34. b5 Qa4 35. Qe7 Ra2 36. b6 Qxa6 37. b7 Rb2 38. Qe8+ 1-0

[Event "Anderssen Festival 2019"]
[Site "Wroclaw"]
[Date "2019.08.09"]
[Round "7.5"]
[White "Czyz, Andrzej"]
[Black "Nowak, Mikolaj"]
[Result "0-1"]
[ECO "A03"]
[WhiteElo "2000"]
[BlackElo "2230"]
[Annotator "NA"]
[PlyCount "96"]
[EventDate "2019.08.05"]
[EventType "swiss"]
[EventCountry "POL"]
[SourceTitle "playchess.com"]
[Source "ChessBase"]
[SourceQuality "1"]
[TimeControl "40/5400+30:900+30"]

1. f4 d5 2. c4 c6 3. e3 g6 4. Nf3 Bg7 5. d4 Nf6 6. Nc3 O-O 7. Bd3 Bf5 8. O-O Bxd3 9. Qxd3 e6 10. b3 Nbd7 11. Ba3 Re8 12. Bd6 Ne4 13. Ba3 Ndf6 14. Bb2 Rc8 15. Rfd1 a6 16. Nd2 Nxd2 17. Rxd2 b5 18. c5 a5 19. a4 b4 20. Nd1 Ne4 21. Rc2 g5 22. Nf2 gxf4 23. Nxe4 dxe4 24. Qxe4 fxe3 25. Qxe3 Qd5 26. Rf1 Rcd8 27. Rc4 Qh5 28. Qf3 Qxf3 29. Rxf3 Rd5 30. Re3 Red8 31. Re4 Kf8 32. Kf2 Ke7 33. Ke3 Rh5 34. Kd3 Rxh2 35. Rc2 Rh5 36. g4 Rh3+ 37. Kc4 h5 38. g5 Rd5 39. Bc1 Rf5 40. Bf4 Kd7 41. Be3 Rff3 42. Re2 Bf8 43. Kd3 Be7 44. Kd2 Rxe3 45. R4xe3 Bxg5 46. Kd3 Rxe3+ 47. Rxe3 Bxe3 48. Kxe3 Ke7 0-1